 Dungeon Crawl Stone Soup version 0.30.1-3-gfc49f6343a (webtiles) character file.

Game seed: 7192644264116644150

668 Anandil the Trooper (level 7, -1/56 HPs)
             Began as a Demonspawn Fighter on Aug 5, 2023.
             Was a Follower of Ru.
             Killed by divine providence
             ... invoked by an orc priest
              (10 damage)
             ... on level 5 of the Dungeon on Aug 6, 2023.
             The game lasted 00:08:09 (3845 turns).

Anandil the Trooper (Demonspawn Fighter)            Turns: 3845, Time: 00:08:10

Health: -1/56      AC: 14    Str: 18    XL:     7   Next: 32%
Magic:  7/7        EV:  7    Int: 10    God:    Ru [*.....]
Gold:   203        SH:  9    Dex: 12    Spells: 6/6 levels left

rFire   . . .        a - +0 trident
rCold   . . .        c - +0 buckler
rNeg    . . .        w - +0 chain mail
rPois   .            (no helmet)
rElec   .            r - +0 cloak
rCorr   .            f - +0 pair of gloves
SInv    .            (no boots)
Will    .....        (no amulet) Stlth
                     d - ring of flight
HPRegen 0.29/turn    (no ring)
MPRegen 0.20/turn

%: no passive effects
@: flying
A: icy blue scales 1, magic regeneration, no air magic, no summoning magic, no
transmutations magic, condensation shield
a: Renounce Religion


You were on level 5 of the Dungeon.
You worshipped Ru.
Ru was aware of your devotion.
You visited 1 branch of the dungeon, and saw 5 of its levels.

You collected 203 gold pieces.

Inventory:

Hand Weapons
 a - a +0 trident (weapon)
Missiles
 b - 2 boomerangs (quivered)
Armour
 c - a +0 buckler (worn)
 f - a +0 pair of gloves (worn)
 r - a +0 cloak (worn)
 w - a +0 chain mail (worn)
Jewellery
 d - a ring of flight (left hand)
Wands
 t - a wand of polymorph (6)
Scrolls
 e - a scroll of teleportation
 j - a scroll of enchant armour
 l - 2 scrolls of blinking
 n - a scroll of brand weapon {unknown}
 o - a scroll of magic mapping
 p - a scroll of immolation {unknown}
 q - a scroll of enchant weapon {unknown}
 v - a scroll of amnesia {unknown}
Potions
 g - a potion of haste {unknown}
 h - a potion of brilliance
 i - a potion of lignification {unknown}
 k - a potion of heal wounds {unknown}
 m - a potion of ambrosia {unknown}
 s - a potion of cancellation {unknown}


   Skills:
 + Level 5.1 Fighting
 + Level 4.1 Polearms
 + Level 4.6 Armour
 - Level 4.1 Shields


You had 6 spell levels left.
You didn't know any spells.
Your spell library contained the following spells:

 Spells                   Type           Power      Damage    Failure   Level
 Sandblast                Erth           0%         2d4       99%         1
 Ensorcelled Hibernation  Hex/Ice        0%         N/A       99%         2
 Stone Arrow              Conj/Erth      0%         3d7       100%        3
 Anguish                  Hex/Necr       0%         N/A       100%        4
 Passwall                 Tmut/Erth      Unusable   N/A       N/A         2
 Spider Form              Tmut/Pois      Unusable   N/A       N/A         3

Dungeon Overview and Level Annotations

Branches:
Dungeon (5/15)
 Temple: D:4-7

Altars:
Okawaru
Qazlal
Ru


Innate Abilities, Weirdness & Mutations

You are partially covered in icy blue scales. (AC +2)
You regenerate magic rapidly.
You cannot study or cast Air magic.
You cannot study or cast Summoning magic.
You cannot study or cast Transmutations magic.
A meltable shield of frost defends you. (SH +4)


Message History

An orc comes into view. It is wielding a +0 club.
You hear a shout!
The orc shouts!
You hear a shout!
The orc wizard shouts!
The orc priest shouts!
The orc shouts!
The orc priest looks satisfied for a moment.
There is a stone staircase leading down here.
The orc throws a boomerang.
The boomerang hits you but does no damage.
You reach to attack!
You hit the ogre.
The ogre is lightly wounded.
You hit the ogre.
The ogre is lightly wounded.
You block the ogre's attack.
You hit the ogre but do no damage.
The ogre is lightly wounded.
The ogre hits you with a +0 giant club!
You hit the ogre.
The ogre is moderately wounded.
You hit the ogre.
The ogre is heavily wounded.
The ogre hits you with a +0 giant club!
The orc wizard casts a spell.
The orc wizard flickers and vanishes!
Deactivating autopickup; reactivate with Ctrl-A.
You puncture the ogre!
The ogre is severely wounded.
The ogre hits you with a +0 giant club!
* * * LOW HITPOINT WARNING * * *
You are too injured to fight recklessly!
You are too injured to fight recklessly!
You are too injured to fight recklessly!
Unknown command.
You hit the ogre.
The ogre is almost dead.
The ogre hits you with a +0 giant club!
* * * LOW HITPOINT WARNING * * *
Unknown command.
You feel better.
The orc priest invokes the aid of Beogh against you.
Beogh smites you!
You die...

#####.#.# ......#.#
# ......#.# .####.
.o....#.###......
.......<..#
.!..oo.....(...
...#o.W##W####. .
##O# ... .. #@#
#.####... ##.###.#
#.... #.
#...##.##.....
#.###.#............
...#.##.##...#....
#.................
#.##.##.##...###. #
##.#.#.#.##
#^..##.#


You could see an ogre, a phantom, an orc priest and 2 orcs.

Vanquished Creatures
  Grinder (D:3)
  2 scorpions
  A hound (D:5)
  An orc priest (D:4)
  2 iguanas
  An orc wizard (D:4)
  7 gnolls (D:3)
  8 adders
  2 worms
  2 dart slugs
  2 orcs (D:4)
  5 bats
  8 endoplasms
  3 giant cockroaches
  5 goblins
  5 hobgoblins
  4 jackals (D:1)
  7 kobolds
  9 ball pythons
  10 frilled lizards
  6 rats
91 creatures vanquished.

Notes
Turn   | Place    | Note
-------+----------+-------------------------------------------
     0 | D:1      | Anandil the Demonspawn Fighter began the quest for the Orb.
     0 | D:1      | Reached XP level 1. HP: 18/18 MP: 1/1
   143 | D:1      | Gained mutation: You are partially covered in icy blue
                  | scales. (AC +2) [demonic ancestry]
   143 | D:1      | Reached XP level 2. HP: 20/24 MP: 2/2
   556 | D:2      | Reached XP level 3. HP: 29/29 MP: 3/3
   695 | D:2      | Identified the +4 troll leather armour of Exepaac {*Corrode
                  | Regen+ Dex+5}
   750 | D:2      | Identified the +7 whip of Buwkin {spect, rElec rF- rC+}
   918 | D:2      | Gained mutation: A meltable shield of frost defends you.
                  | (SH +4) [demonic ancestry]
   918 | D:2      | Reached XP level 4. HP: 35/35 MP: 4/4
  1540 | D:3      | Reached XP level 5. HP: 40/42 MP: 5/5
  1645 | D:3      | Reached skill level 4 in Fighting
  1784 | D:3      | Found a sacrificial altar of Ru.
  1795 | D:3      | Became a worshipper of Ru the Awakened
  1888 | D:3      | Noticed Grinder
  1890 | D:3      | Paralysed by Grinder for 3 turns
  1896 | D:3      | Paralysed by Grinder for 2 turns
  1900 | D:3      | Killed Grinder
  1901 | D:3      | Gained mutation: You regenerate magic rapidly. [demonic
                  | ancestry]
  1901 | D:3      | Reached XP level 6. HP: 41/49 MP: 6/6
  2217 | D:3      | Found a stormy altar of Qazlal.
  2635 | D:4      | Found an iron altar of Okawaru.
  3374 | D:5      | Entered Level 5 of the Dungeon
  3389 | D:4      | Reached XP level 7. HP: 43/55 MP: 7/7
  3623 | D:4      | Reached skill level 5 in Fighting
  3822 | D:5      | Gained mutation: You cannot study or cast Air magic. [Ru
                  | sacrifice]
  3822 | D:5      | Gained mutation: You cannot study or cast Transmutations
                  | magic. [Ru sacrifice]
  3822 | D:5      | Gained mutation: You cannot study or cast Summoning magic.
                  | [Ru sacrifice]
  3822 | D:5      | Reached * piety under Ru
  3844 | D:5      | HP: 1/56 [ogre/+0 giant club (14)]
  3845 | D:5      | Killed from afar by an orc priest

Illustrated notes

Levels and vault maps discovered:
D:1:      spicycebolla_arrival_clurvy, layout_rooms, minmay_misc_feat_ornament
D:2:      layout_loops_ring, minmay_lizard_pond
D:3:      layout_basic, nicolae_ru_sacrificial_ziggurat,
          nicolae_qazlal_eye_of_the_storm, uniq_grinder
D:4:      layout_cave_pods, amethyst_overflow_temple_binary
D:5:      layout_loops_ring, ebering_ghost_rock_garden

Skill      XL: |  1  2  3  4  5  6  7 |
---------------+----------------------+-----
Polearms       | 2 3 4 |  4.1
Armour         | 3 4 |  4.6
Shields        | 3 4 |  4.1
Fighting       | 4 5 |  5.1

Action                     |  1- 3 |  4- 6 |  7- 9 || total
---------------------------+-------+-------+-------++-------
  Melee: Trident           |   146 |   185 |    30 ||   361
 Invoke: Sacrifice Arcana  |       |       |     1 ||     1
    Use: Potion            |       |     5 |     1 ||     6
         Scroll            |       |       |     4 ||     4
 Armour: Scale mail        |    93 |    58 |       ||   151
         Chain mail        |       |     4 |    11 ||    15
  Dodge: Dodged            |    66 |    51 |    10 ||   127
  Block: Buckler           |    30 |    61 |     9 ||   100
